 Dungeon Crawl Stone Soup version 0.16.1 (webtiles) character file.

719 Fiveotanaka the Basher (level 7, -1/56 HPs)
             Began as a Minotaur Gladiator on Mar 24, 2015.
             Slain by ossharkuen's ghost (8 damage)
             ... on level 5 of the Dungeon.
             The game lasted 00:05:36 (3674 turns).

Fiveotanaka the Basher (Minotaur Gladiator)         Turns: 3674, Time: 00:05:36

Health: -1/56      AC:  9    Str: 20    XL:     7   Next: 42%
Magic:  3/3        EV:  8    Int:  9    God:
Gold:   195        SH:  0    Dex: 12    Spells: 0 memorised, 6 levels left

rFire  + . .     SeeInvis .     C - +8 war axe of the Sky {pain, rElec rC- Int+4 Stlth+}
rCold  x . .     Clarity  .     t - +1 chain mail {rF+}
rNeg   . . .     SustAb   .     (no shield)
rPois  +         Gourm    .     c - +0 hat
rElec  +         Spirit   .     (no cloak)
rCorr  .         Warding  .     (no gloves)
rMut   .         Stasis   .     (no boots)
MR     .....                    (no amulet)
Stlth  ..........               (no ring)
                                b - ring of poison resistance

@: not resistant to hostile enchantments, extremely unstealthy
A: retaliatory headbutt, horns 2
a: no special abilities


You were on level 5 of the Dungeon.
You were not hungry.

You visited 1 branch of the dungeon, and saw 5 of its levels.

You collected 195 gold pieces.

Inventory:

Hand weapons
 a - a +0 flail
 C - the +8 war axe of the Sky (weapon) {pain, rElec rC- Int+4 Stlth+}
   (You found it on level 4 of the Dungeon)

   In the hands of one skilled in necromantic magic, it inflicts extra damage on
   living creatures.
   It affects your intelligence (+4).
   It makes you vulnerable to cold.
   It insulates you from electricity.
   It makes you more stealthy.
Missiles
 d - 3 throwing nets (quivered)
Armour
 c - a +0 hat (worn)
 t - a +1 chain mail of fire resistance (worn)
Jewellery
 b - a ring of poison resistance (left hand)
 B - an uncursed ring of sustain abilities {unknown}
Scrolls
 e - 6 scrolls of remove curse
 i - a scroll of blinking {unknown}
 j - a scroll of immolation {unknown}
 o - 8 scrolls of identify {unknown}
 r - 3 scrolls of amnesia {unknown}
 y - a scroll of enchant weapon {unknown}
Potions
 h - a potion of haste {unknown}
 k - a potion of brilliance {unknown}
 l - a potion of flight {unknown}
 m - 4 potions of curing {unknown}
 n - a potion of beneficial mutation {unknown}
 p - a potion of lignification {unknown}
 u - a potion of restore abilities {unknown}
 v - 2 potions of magic {unknown}
 w - a potion of agility
 x - a potion of poison {unknown}
 z - a potion of cancellation {unknown}
Comestibles
 f - 3 bread rations
 g - 2 slices of pizza
 q - 5 fruits
 s - 2 meat rations
 A - 3 chunks of flesh


   Skills:
 - Level 2.4 Fighting
 + Level 2.9(7.0) Axes
 - Level 10.0(10.1) Maces & Flails
 - Level 2.0 Throwing
 - Level 3.2 Dodging


You had 6 spell levels left.
You didn't know any spells.

Dungeon Overview and Level Annotations

Branches:
Dungeon (5/15)
 Temple: D:4-7

Altars:
Dithmenos
Gozag
The Shining One

Annotations:
D:5 ossharkuen's ghost, experienced GrFi


Innate Abilities, Weirdness & Mutations

You reflexively headbutt those who attack you in melee.
You have a pair of horns on your head.


Message History

Your headbutt misses ossharkuen's ghost.
Ossharkuen's ghost is heavily damaged.
Ossharkuen's ghost hits you. Ossharkuen's ghost freezes you.
You barely miss ossharkuen's ghost.
Your headbutt misses ossharkuen's ghost.
Ossharkuen's ghost is heavily damaged.
Ossharkuen's ghost stares at you. Ossharkuen's ghost hits you.
Ossharkuen's ghost freezes you. Ossharkuen's ghost hits you!
Ossharkuen's ghost freezes you.
* * * LOW HITPOINT WARNING * * *
You closely miss ossharkuen's ghost.
Ossharkuen's ghost is heavily damaged.
Ossharkuen's ghost hits you!
* * * LOW HITPOINT WARNING * * *
Ossharkuen's ghost freezes you.
* * * LOW HITPOINT WARNING * * *
You hit ossharkuen's ghost.
Ossharkuen's ghost is heavily damaged.
Ossharkuen's ghost hits you!
You die...

#.# . # ###.# .# #
#...# .# #.### .#
#.# .# #.# .# #.#
.######
#.########........
#.##.....@W....#
#.##.#######......
#.##.### ##.
#......# #####..#
..# ..# ..# ..#


You could see ossharkuen's ghost.

Vanquished Creatures
  A sky beast (D:5)
  A phantom (D:4)
  A wasp (D:5)
  2 ogres
  An orc priest (D:4)
  2 worker ants (D:4)
  An orc wizard (D:3)
  Terence (D:3)
  4 gnolls (D:4)
  3 adders
  A giant mite (D:5)
  A worm (D:4)
  11 orcs
  9 bats
  A bat skeleton (D:5)
  3 giant cockroaches
  10 goblins
  7 hobgoblins
  4 jackals (D:1)
  A quokka (D:3)
  5 giant geckos
  2 giant newts
  10 kobolds
  15 rats
97 creatures vanquished.

Notes
Turn   | Place    | Note
--------------------------------------------------------------
     0 | D:1      | Fiveotanaka, the Minotaur Gladiator, began the quest for the Orb.
     0 | D:1      | Reached XP level 1. HP: 18/18 MP: 1/1
    75 | D:1      | Reached skill level 4 in Maces & Flails
   120 | D:1      | Reached XP level 2. HP: 19/25 MP: 1/1
   302 | D:1      | Reached skill level 5 in Maces & Flails
   349 | D:1      | Reached XP level 3. HP: 26/30 MP: 2/2
  1272 | D:3      | Noticed Terence
  1282 | D:3      | Killed Terence
  1619 | D:3      | Reached XP level 4. HP: 35/37 MP: 2/2
  1763 | D:3      | Reached skill level 6 in Maces & Flails
  1826 | D:3      | Noticed an ogre
  1834 | D:3      | Killed an ogre
  1834 | D:3      | Reached skill level 7 in Maces & Flails
  1834 | D:3      | Reached XP level 5. HP: 17/42 MP: 2/2
  1982 | D:3      | Found a glowing golden altar of the Shining One.
  1984 | D:3      | Found a shadowy altar of Dithmenos.
  2840 | D:4      | Got a warped scale mail
  2851 | D:4      | Identified the cursed -4 scale mail of Ethics {rF- rC+ rN+ MR- Dex+3} (You found it on level 4 of the Dungeon)
  3046 | D:4      | Reached skill level 8 in Maces & Flails
  3174 | D:4      | Reached XP level 6. HP: 45/50 MP: 3/3
  3231 | D:4      | Found an opulent altar of Gozag.
  3258 | D:4      | Noticed a phantom
  3296 | D:4      | Killed a phantom
  3296 | D:4      | Reached skill level 9 in Maces & Flails
  3318 | D:4      | Got a shimmering war axe
  3319 | D:4      | Identified the +8 war axe of the Sky {pain, rElec rC- Int+4 Stlth+} (You found it on level 4 of the Dungeon)
  3444 | D:5      | Entered Level 5 of the Dungeon
  3523 | D:5      | Reached skill level 10 in Maces & Flails
  3523 | D:5      | Reached XP level 7. HP: 48/56 MP: 3/3
  3662 | D:5      | Noticed ossharkuen's ghost (experienced GrFi)
  3674 | D:5      | Slain by ossharkuen's ghost

Action                   |  1- 3 |  4- 6 |  7- 9 || total
-------------------------+-------+-------+-------++-------
Melee: Flail             |   108 |   113 |       ||   221
       War axe           |       |    17 |    26 ||    43
  Use: Scroll            |       |     1 |       ||     1
  Eat: Chunk             |     2 |     6 |     1 ||     9
